 Dungeon Crawl Stone Soup version 0.28-a0-1632-g283549b12f (webtiles) character file.

Game seed: 14303152165245303160

1606 Bzinder the Covert (level 8, -3/36 HPs)
             Began as a Spriggan Enchanter on Jan 25, 2022.
             Was a Follower of Dithmenos.
             Slain by an acid dragon (8 damage)
             ... on level 5 of the Dungeon.
             The game lasted 00:12:51 (6303 turns).

Bzinder the Covert (Spriggan Enchanter)             Turns: 6303, Time: 00:12:51

Health: -3/36      AC: -1    Str:  6    XL:     8   Next: 63%
Magic:  20/30      EV: 17    Int: 16    God:    Dithmenos [*.....]
Gold:   1147       SH:  0    Dex: 16    Spells: 12/23 levels left

rFire   . . .      SeeInvis +   t - +2 dagger (elec)
rCold   . . .      Faith    .   (no shield)
rNeg    . . .      Spirit   .   b - +1 robe
rPois   .          Reflect  .   (helmet restricted)
rElec   .          Harm     .   (no cloak)
rCorr   .          Rampage  .   (gloves unavailable)
Will    +....                   (boots unavailable)
Stlth   +++++.....              j - amulet of regeneration
HPRegen 0.92/turn               e - ring of magical power
MPRegen 0.22/turn               (no ring)

@: corroded, wreathed by umbra, very quick
A: very small, no large weapons, unfitting armour, see invisible, speed 3
a: Renounce Religion


You were on level 5 of the Dungeon.
You worshipped Dithmenos.
Dithmenos was aware of your devotion.
You visited 1 branch of the dungeon, and saw 5 of its levels.

You collected 1147 gold pieces.

Inventory:

Hand Weapons
 a - a +2 dagger
 t - a +2 dagger of electrocution (weapon)
 w - a +0 rapier
Missiles
 g - 35 poisoned darts (quivered)
Armour
 b - a +1 robe (worn)
Jewellery
 e - a ring of magical power (left hand)
 j - an amulet of regeneration (around neck)
 m - an amulet of the acrobat
 x - an amulet of magic regeneration
Wands
 q - a wand of paralysis (12)
 r - a wand of charming (6)
Scrolls
 n - a scroll of magic mapping
 p - 2 scrolls of fear
 u - 2 scrolls of teleportation
 y - 2 scrolls of enchant armour
Potions
 c - a potion of invisibility
 d - 4 potions of lignification
 f - a potion of curing {unknown}
 h - 2 potions of attraction
 i - a potion of mutation {unknown}
 k - 2 potions of heal wounds {unknown}
 l - a potion of cancellation {unknown}
 o - a potion of resistance {unknown}
 s - a potion of might {unknown}
 v - a potion of ambrosia {unknown}


   Skills:
 - Level 1.1 Short Blades
 - Level 2.6 Dodging
 + Level 9.7 Stealth
 + Level 8.4 Spellcasting
 + Level 8.8 Hexes


You had 12 spell levels left.
You knew the following spells:

 Your Spells              Type           Power      Damage    Failure   Level
a - Ensorcelled Hibernat  Hex/Ice        40%        N/A       2%          2
b - Tukima's Dance        Hex            35%        N/A       1%          3
c - Dazzling Flash        Conj/Hex       40%        N/A       5%          3
d - Confusing Touch       Hex            35%        N/A       1%          3

Your spell library contained the following spells:

 Spells                   Type           Power      Damage    Failure   Level
 Slow                     Hex            100%       N/A       1%          1
 Gell's Gravitas          Tloc           6%         N/A       32%         3
 Lesser Beckoning         Tloc           6%         N/A       32%         3
 Teleport Other           Tloc           6%         N/A       32%         3
 Vampiric Draining        Necr           6%         2d6       32%         3
 Dispersal                Tloc           3%         N/A       100%        6


Dungeon Overview and Level Annotations

Branches:
Dungeon (5/15)
 Temple: D:4-7

Altars:
Dithmenos
Wu Jian


Innate Abilities, Weirdness & Mutations

You are very small and have problems with some larger weapons.
You are too small for most types of armour.
You have supernaturally acute eyesight. (SInv)
You cover ground extremely quickly. (Speed+++)


Message History

The helpless gnoll fails to defend itself.
You spit the gnoll like a pig!!!
You kill the gnoll!
Dithmenos accepts your kill.
Casting: Ensorcelled Hibernation (safe; 2% risk of failure)
Confirm with . or Enter, or press ? or * to list all spells.
Aiming: Ensorcelled Hibernation (safe; 2% risk of failure)
Press: ? - help, Shift-Dir - straight line, f - scorpion
Aim: a scorpion (umbra, chance to affect: 52%)
The scorpion resists with significant effort.
The scorpion closely misses you.
Casting: Ensorcelled Hibernation (safe; 2% risk of failure)
Confirm with . or Enter, or press ? or * to list all spells.
Aiming: Ensorcelled Hibernation (safe; 2% risk of failure)
Press: ? - help, Shift-Dir - straight line, f/p - scorpion
Aim: a scorpion (umbra, chance to affect: 52%)
The scorpion looks drowsy...
The helpless scorpion fails to defend itself.
You impale the scorpion!!
You kill the scorpion!
Dithmenos accepts your kill.
Casting: Ensorcelled Hibernation (safe; 2% risk of failure)
Confirm with . or Enter, or press ? or * to list all spells.
Aiming: Ensorcelled Hibernation (safe; 2% risk of failure)
Press: ? - help, Shift-Dir - straight line, f - acid dragon
Aim: an acid dragon (umbra, chance to affect: 52%)
The acid dragon resists with significant effort.
The acid dragon spits acid at you. The splash of acid hits you!!
Ouch! That really hurt!
* * * LOW HITPOINT WARNING * * *
The acid corrodes you!
Casting: Ensorcelled Hibernation (safe; 2% risk of failure)
Confirm with . or Enter, or press ? or * to list all spells.
Aiming: Ensorcelled Hibernation (safe; 2% risk of failure)
Press: ? - help, Shift-Dir - straight line, f/p - acid dragon
Aim: an acid dragon (catching its breath, umbra, chance to affect: 52%)
The acid dragon resists with significant effort.
The acid dragon bites you!
You die...

######'##...##.....########
.........###...............#
.............####.....####.#
#............#..##...##..#.#
+............#...##.##..†#.#
#............##...#.#.†.##.#
#.............##.)#.#')##..#
#..............###...###...##
###########.....@D..8........#
..........#.>...###...###....#
..........#....##.'#.#'.##...#
..........#...##...#.#...##..#
..........'...#...##.##...#..#
..........#...#(D##...##..#..#
#.##..#####...####.....####..#
####..#.....#................####
......#.....#....#...............


You could see an acid dragon (catching breath).

Vanquished Creatures
  A water moccasin (D:4)
  A black bear (D:4)
  A necrophage (D:4)
  An ice beast (D:5)
  2 ogres
  A phantom (D:4)
  A kobold brigand (D:5)
  2 scorpions
  A water moccasin zombie (D:5)
  A wyvern zombie (D:5)
  2 water moccasin skeletons
  A howler monkey (D:5)
  A bullfrog zombie (D:5)
  A centaur zombie (D:5)
  4 orc priests
  A centaur skeleton (D:5)
  2 hounds
  2 orc wizards
  A howler monkey zombie (D:5)
  A gnoll (D:5)
  5 adders
  2 ufetubi (D:5)
  2 adder skeletons (D:4)
  A worm (D:5)
  2 dart slugs
  8 orcs
  7 endoplasms
  2 giant cockroaches
  8 goblins
  7 hobgoblins
  11 kobolds
  3 quokkas
  2 ball pythons (D:1)
  9 bats
  3 frilled lizards
  3 rats
103 creatures vanquished.

Vanquished Creatures (collateral kills)
  An ogre (D:5)
  An orc (D:5)
2 creatures vanquished.

Vanquished Creatures (others)
  2 dancing weapons
  14 plants (D:3)
16 creatures vanquished.

Grand Total: 121 creatures vanquished

Notes
Turn   | Place    | Note
-------+----------+-------------------------------------------
     0 | D:1      | Bzinder the Spriggan Enchanter began the quest for the Orb.
     0 | D:1      | Reached XP level 1. HP: 9/9 MP: 5/5
  1035 | D:1      | Reached XP level 2. HP: 13/13 MP: 7/7
  1038 | D:1      | Learned a level 2 spell: Ensorcelled Hibernation
  1484 | D:1      | You fall into a shaft and drop 1 floor!
  2054 | D:2      | Reached XP level 3. HP: 16/16 MP: 9/9
  2160 | D:2      | Learned a level 3 spell: Tukima's Dance
  2164 | D:2      | Learned a level 3 spell: Dazzling Flash
  2628 | D:2      | Reached XP level 4. HP: 21/21 MP: 11/11
  2982 | D:3      | Reached skill level 5 in Hexes
  3387 | D:3      | Found an ornate altar of the Wu Jian Council.
  3624 | D:4      | Noticed a phantom
  3640 | D:3      | Learned a level 3 spell: Confusing Touch
  3651 | D:4      | Killed a phantom
  3652 | D:4      | Reached skill level 5 in Spellcasting
  3652 | D:4      | Reached XP level 5. HP: 24/24 MP: 13/13
  3807 | D:4      | Reached skill level 5 in Stealth
  3807 | D:4      | Reached XP level 6. HP: 23/28 MP: 15/15
  4009 | D:4      | Noticed a water moccasin
  4021 | D:4      | Killed a water moccasin
  4232 | D:4      | Reached skill level 6 in Stealth
  4523 | D:4      | Reached XP level 7. HP: 28/32 MP: 17/17
  4674 | D:4      | Reached skill level 7 in Stealth
  4859 | D:4      | Found a shadowy altar of Dithmenos.
  4870 | D:4      | Became a worshipper of Dithmenos the Shadowed
  5138 | D:5      | Entered Level 5 of the Dungeon
  5349 | D:5      | Identified a scroll of acquirement
  5349 | D:5      | Acquired 907 gold pieces
  5467 | D:5      | Reached skill level 8 in Stealth
  5723 | D:5      | Reached XP level 8. HP: 36/36 MP: 20/20
  6204 | D:5      | Reached * piety under Dithmenos
  6207 | D:5      | Reached skill level 9 in Stealth
  6303 | D:5      | Slain by an acid dragon

Illustrated notes

Levels and vault maps discovered:
D:1:      nicolae_arrival_somewhat_less_tricky_arrival, layout_loops_ring,
          moated_statue
D:2:      layout_basic, dk_noncrumbling_3
D:3:      layout_rooms, nzn_wu_jian_contemplation, wad_woods_river_04
D:4:      nicolae_cairo_tiling_large, layout_basic,
          nicolae_dithmenos_the_darkroom, hex_large
D:5:      cheibrodos_barr_body, layout_gridville

Skill      XL: |  1  2  3  4  5  6  7  8 |
---------------+-------------------------+-----
Spellcasting   | 3 4 5 6 7 8 |  8.4
Hexes          | 4 5 6 7 8 |  8.8
Stealth        | 5 6 8 9 |  9.7
Short Blades   | |  1.1
Dodging        | |  2.6

Action                   |  1- 3 |  4- 6 |  7- 9 || total
-------------------------+-------+-------+-------++-------
Melee: Dagger            |   111 |   188 |   123 ||   422
       Punch             |     4 |     4 |       ||     8
 Cast: Ensorcelled Hiber |     8 |    30 |    23 ||    61
       Confusing Touch   |       |     4 |     3 ||     7
       Tukima's Dance    |       |       |     7 ||     7
Evoke: Wand              |       |       |     1 ||     1
  Use: Scroll            |     5 |     2 |     4 ||    11
 Stab: Sleeping          |    13 |    19 |    18 ||    50
       Distracted        |     1 |       |       ||     1
       Confused          |       |     5 |     2 ||     7
Armor: Robe              |    13 |    13 |    17 ||    43
Dodge: Dodged            |    65 |   106 |   134 ||   305

Table legend: (Time is in decaauts)
 A = Elapsed time spent in this place.
 B = Non-inter-level travel time spent in this place.
 C = Inter-level travel time spent in this place.
 D = Time resting spent in this place.
 E = Time spent auto-exploring this place.
 F = Levels seen in this place.
 G = Mean time per level.
                   A        B        C        D        E       F      G
               +--------+--------+--------+--------+--------+-----+--------+
         Total |   4791 |   4646 |    145 |    738 |   2929 |   5 |  958.2 |
       Dungeon |   4791 |   4646 |    145 |    738 |   2929 |   5 |  958.2 |
               +--------+--------+--------+--------+--------+-----+--------+

Top non-repeatable levels by time:
     D:1: 1504 daAuts
     D:4: 1172 daAuts
     D:5: 794 daAuts
     D:2: 687 daAuts
     D:3: 632 daAuts
